 Dungeon Crawl Stone Soup version 0.31.0-12-g77e489cdc1 (webtiles) character file.

Game seed: 5222133904006294847

3997 gohu the Geomancer (level 10, -2/60 HPs)
             Began as a Gargoyle Earth Elementalist on Feb 25, 2024.
             Was a Follower of Vehumet.
             Killed by divine providence
             ... invoked by an orc priest
              (16 damage)
             ... on level 8 of the Dungeon.
             The game lasted 00:23:28 (8948 turns).

gohu the Geomancer (Gargoyle Earth Elementalist)    Turns: 8948, Time: 00:23:29

Health: -2/60      AC: 18    Str: 12    XL:     10   Next: 23%
Magic:  11/18      EV: 16    Int: 20    God:    Vehumet [*.....]
Gold:   429        SH:  6    Dex: 17    Spells: 8/19 levels left

rFire   . . .        y - +1 whip of Wu Jian's Wrath {drain, Dex+7}
rCold   . . .        u - +0 buckler
rNeg    + . .        z - +3 leather armour
rPois   ∞            L - +0 helmet
rElec   +            G - +0 cloak
rCorr   .            K - +2 pair of gloves
SInv    .            (no boots)
Will    .....        (no amulet)
Stlth   ++           c - +5 ring of evasion
HPRegen 0.30/turn    (no ring)
MPRegen 0.16/turn

%: no passive effects
@: marked
A: sickness immunity, AC +7, negative energy resistance 1, electricity
resistance, torment resistance 1, petrification resistance
a: Renounce Religion


You were on level 8 of the Dungeon.
You worshipped Vehumet.
Vehumet was aware of your devotion.
You visited 2 branches of the dungeon, and saw 10 of its levels.

You collected 429 gold pieces.

Inventory:

Hand Weapons
 p - a +0 dagger
 y - the +1 whip of Wu Jian's Wrath (weapon) {drain, Dex+7}
   (You found it on level 6 of the Dungeon)

   Dex+7:     It affects your dexterity (+7).
 D - a +1 sling
Missiles
 t - 13 poisoned darts
 H - a boomerang (quivered)
Armour
 a - a +0 robe
 u - a +0 buckler (worn)
 z - a +3 leather armour (worn)
 A - a +0 pair of gloves
 G - a +0 cloak (worn)
 I - a +0 pair of gloves
 K - a +2 pair of gloves (worn)
 L - a +0 helmet (worn)
Jewellery
 c - a +5 ring of evasion (left hand)
 i - a ring of ice
 M - a +6 ring of dexterity
Wands
 e - a wand of flame (5)
 E - a wand of roots (14)
Scrolls
 d - a scroll of noise
 g - a scroll of enchant armour
 h - a scroll of poison
 j - a scroll of acquirement {unknown}
 n - a scroll of silence {unknown}
 o - 2 scrolls of teleportation
 q - 4 scrolls of immolation
 r - a scroll of fog
 x - a scroll of revelation {unknown}
 B - a scroll of enchant weapon
Potions
 b - 3 potions of magic
 f - 2 potions of might
 k - 5 potions of curing {unknown}
 l - a potion of attraction
 m - a potion of heal wounds
 s - 2 potions of ambrosia
 v - a potion of resistance {unknown}
 w - a potion of invisibility
 C - a potion of lignification
 F - a potion of degeneration
 J - a potion of brilliance


   Skills:
 + Level 6.1 Fighting
 - Level 1.9 Throwing
 + Level 3.0 Armour
 - Level 1.5 Dodging
 - Level 2.1 Stealth
 - Level 5.0 Shields
 + Level 5.3 Spellcasting
 - Level 7.4 Conjurations
 * Level 10.2 Earth Magic


You had 8 spell levels left.
You knew the following spells:

 Your Spells              Type           Power      Damage    Failure   Level
a - Sandblast             Erth           92%        2d19      1%          1
b - Stone Arrow           Conj/Erth      80%        3d12      1%          3
c - Passwall              Erth           46%        N/A       1%          3
d - Brom's Barrelling Bo  Conj/Erth      40%        2d6       4%          4

Your spell library contained the following spells:

 Spells                   Type           Power      Damage    Failure   Level
 Sting                    Conj/Alch      80%        1d8       4%          1
 Petrify                  Alch/Erth      25%        N/A       24%         4
 Jinxbite                 Hex            10%        N/A       28%         2
 Call Canine Familiar     Summ           5%         N/A       50%         3
 Sigil of Binding         Hex            5%         N/A       50%         3
 Irradiate                Conj/Alch      10%        3d15      75%         5
 Anguish                  Hex/Necr       2%         N/A       88%         4
 Cause Fear               Hex            2%         N/A       88%         4
 Dimensional Bullseye     Hex/Tloc       2%         N/A       88%         4
 Yara's Violent Unravell  Hex/Alch       2%         3d3       99%         5
 Enfeeble                 Hex            2%         N/A       100%        7
 Sublimation of Blood     Necr           Unusable   N/A       N/A         2

Dungeon Overview and Level Annotations

Branches:
Dungeon (9/15)             Temple (1/1) D:7
   Lair: D:8-11         Orc: D:9-12

Altars:
Ashenzari
Cheibriados
Dithmenos
Elyvilon
Fedhas
Gozag
Hepliaklqana
Kikubaaqudgha
Nemelex Xobeh
Qazlal
Ru
Sif Muna
Trog
Vehumet
Wu Jian
Xom
Yredelemnul
Zin
The Shining One

Shops:
D:2 (   D:8 [

Annotations:
D:6 exclusions: downstairs and yak
D:9 Harold


Innate Abilities, Weirdness & Mutations

You are immune to sickness and miasma.
Your stone body is resilient. (AC +7)
You are immune to poison.
You resist negative energy. (rN+)
You are resistant to electric shocks. (rElec)
You are resistant to unholy torment.
You are immune to petrification.


Message History

You hit the orc. You drain the orc.
The orc is severely wounded.
The orc priest hits you but does no damage.
The orc misses you. The orc closely misses you. You block the orc's attack.
You hit the orc.
You kill the orc!
Vehumet accepts your kill. You block the orc priest's attack.
The orc priest mumbles some strange prayers to Beogh against you.
Beogh smites you!
* * * LOW HITPOINT WARNING * * *
The orc barely misses you. You block the orc's attack.
The orc priest attacks as it pursues you!
You block the orc priest's attack. You block the orc's attack.
The orc misses you.
An orc comes into view. It is wielding a +0 flail.
You see here a +0 hand axe.
The orc priest attacks as it pursues you!
The orc priest hits you but does no damage.
The orc hits you but does no damage.
There is a stone staircase leading up here.
The orc priest hits you with a +0 hand axe.
* * * LOW HITPOINT WARNING * * *
You block the orc's attack. The orc completely misses you.
You climb upwards.
There is a stone staircase leading down here.
You hit the orc priest. You drain the orc priest.
The orc priest is moderately wounded.
The orc priest closely misses you. The orc completely misses you.
You block the orc's attack.
You closely miss the orc priest.
The orc priest is moderately wounded.
The orc priest hits you but does no damage.
The orc hits you but does no damage. The orc closely misses you.
The orc priest barely misses you. The orc closely misses you.
The orc attacks as it pursues you! The orc closely misses you.
The orc priest mumbles some strange prayers to Beogh against you.
Beogh smites you!
You die...

#.# #.#############
#.# #.............#
#.# #############.#
##'### #.......#.#
.....# #.#####.#.#
.....# #.#.....#.#
.....# #.#.....#.##
.....# #.#.....ooo#
.....#####.#.###@##.#
...........#.# #.##.#
........#..#.#
#.##.########
##'#....+..#.#
#.##........#
#<#....#.##.#
#.#########.#
#.#....#.##.# #.# #.#
##.###.##.##.# #.#
#.# ..........##.#
#.#########.#
.....#.......#
#.........#.#


You could see an orc priest (very drained) and 2 orcs.

Vanquished Creatures
  Erica (D:9)
  Pikel (D:7)
  A hornet (D:8)
  A yak (D:6)
  A water moccasin (D:4)
  An orc warrior (D:8)
  2 ice beasts
  A black bear (D:3)
  2 ogres
  3 centaurs
  A lemure (D:7)
  3 bullfrogs
  5 scorpions
  6 wights (D:8)
  3 jellies
  4 orc priests
  3 hounds
  A gnoll bouda (D:7)
  A sleepcap (D:6)
  Jessica (D:3)
  3 iguanas
  Natasha (thrice) (D:3)
  5 orc wizards
  7 gnolls (D:7)
  6 adders
  2 shadow imps
  A white imp (D:7)
  4 ufetubi
  A dart slug (D:4)
  2 ribbon worms
  26 orcs
  12 ball pythons
  11 endoplasms
  A giant cockroach (D:1)
  5 goblins
  5 hobgoblins (D:1)
  A quokka (D:2)
  7 bats
  8 frilled lizards
  11 kobolds
  A rat (D:3)
  A boulder (D:8)
165 creatures vanquished.

Vanquished Creatures (others)
  2 boulders
2 creatures vanquished.

Grand Total: 167 creatures vanquished

Notes
Turn   | Place    | Note
-------+----------+-------------------------------------------
     0 | D:1      | gohu the Gargoyle Earth Elementalist began the quest for
                  | the Orb.
     0 | D:1      | Reached XP level 1. HP: 10/10 MP: 3/3
    75 | D:1      | Reached skill level 4 in Earth Magic
   230 | D:1      | Reached XP level 2. HP: 15/15 MP: 3/5
   585 | D:1      | Reached skill level 5 in Earth Magic
   585 | D:1      | Reached XP level 3. HP: 19/19 MP: 0/6
   851 | D:1      | You fall into a shaft and drop 1 floor!
  1314 | D:2      | Found a sparkling altar of Nemelex Xobeh.
  1406 | D:2      | Found Feic's Weapon Emporium.
  1635 | D:2      | Reached XP level 4. HP: 24/24 MP: 4/7
  1707 | D:2      | Learned a level 3 spell: Stone Arrow
  1785 | D:3      | Noticed Jessica
  1792 | D:3      | Killed Jessica
  1793 | D:3      | Reached skill level 6 in Earth Magic
  1848 | D:3      | Found a faded altar of an unknown god.
  2238 | D:3      | Found a sacrificial altar of Ru.
  2247 | D:3      | Reached skill level 1 in Fighting
  2247 | D:3      | Reached XP level 5. HP: 29/29 MP: 4/8
  2519 | D:3      | Noticed Natasha
  2523 | D:3      | Killed Natasha
  2759 | D:3      | Found a sacrificial altar of Ru.
  2889 | D:3      | Noticed Natasha
  2894 | D:3      | Killed Natasha
  3001 | D:3      | Noticed Natasha
  3006 | D:3      | Killed Natasha
  3095 | D:3      | Found a faded altar of an unknown god.
  3314 | D:4      | Noticed a black bear
  3321 | D:3      | Killed a black bear
  3322 | D:3      | Reached XP level 6. HP: 20/35 MP: 3/9
  3424 | D:4      | Reached skill level 7 in Earth Magic
  3716 | D:4      | Reached XP level 7. HP: 40/40 MP: 6/11
  4174 | D:5      | Entered Level 5 of the Dungeon
  4375 | D:5      | Reached skill level 1 in Shields
  4594 | D:5      | Reached skill level 5 in Conjurations
  4594 | D:5      | Reached XP level 8. HP: 46/46 MP: 10/13
  4828 | D:5      | Found an ornate altar of the Wu Jian Council.
  5123 | D:6      | Reached skill level 8 in Earth Magic
  5161 | D:6      | Identified the +1 whip of Wu Jian's Wrath {drain, Dex+7}
  5648 | D:6      | Noticed a yak
  5660 | D:6      | Killed a yak
  5734 | D:6      | Noticed a yak
  5734 | D:6      | Noticed a yak
  5788 | D:6      | Found a shadowy altar of Dithmenos.
  5797 | D:6      | Reached XP level 9. HP: 52/52 MP: 12/15
  6484 | D:7      | Noticed Pikel
  6490 | D:7      | Killed Pikel
  6607 | D:7      | Found a staircase to the Ecumenical Temple.
  6637 | Temple   | Entered the Ecumenical Temple
  6648 | Temple   | Became a worshipper of Vehumet
  6710 | D:7      | Found a glowing silver altar of Zin.
  6710 | D:7      | Found an opulent altar of Gozag.
  6902 | D:7      | Found a hazy altar of Hepliaklqana.
  6977 | D:7      | Found a stormy altar of Qazlal.
  7087 | D:7      | Reached skill level 5 in Fighting
  7280 | D:7      | Reached skill level 9 in Earth Magic
  7323 | D:7      | Reached skill level 1 in Armour
  7468 | D:8      | Found Ycakaq's Armour Boutique.
  7541 | D:8      | Reached skill level 1 in Throwing
  7844 | D:8      | Reached * piety under Vehumet
  7844 | D:8      | Offered knowledge of Sting by Vehumet.
  7849 | D:8      | Learned a level 3 spell: Passwall
  7854 | D:8      | Learned a level 4 spell: Brom's Barrelling Boulder
  7951 | D:8      | Noticed a hornet
  7965 | D:8      | Killed a hornet
  7966 | D:8      | Reached skill level 5 in Spellcasting
  8303 | D:8      | Reached XP level 10. HP: 51/59 MP: 6/17
  8776 | D:9      | Noticed Erica
  8783 | D:9      | Killed Erica
  8784 | D:9      | Reached skill level 5 in Shields
  8784 | D:9      | Reached skill level 10 in Earth Magic
  8874 | D:9      | Noticed Harold
  8920 | D:9      | HP: 3/60 [orc priest/divine providence (12)]
  8948 | D:8      | Killed from afar by an orc priest

Illustrated notes

Levels and vault maps discovered:
D:1:      dpeg_arrival_orchard, layout_loops_ring, hex_large,
          minmay_split_cup_small
D:2:      layout_basic, basic_altar, serial_shops, nicolae_shop_stone,
          minmay_distorted
D:3:      layout_loops_ring, nicolae_ru_great_annihilating_truth,
          dreamdust_ecumenical_altar_angels_and_demons, minmay_lizard_king,
          uniq_jessica, uniq_natasha
D:4:      layout_loops_ring
D:5:      layout_cave_pools, nzn_wu_jian_council_hall
D:6:      layout_loops_ring, nicolae_dithmenos_the_darkroom
D:7:      layout_rooms, grunt_temple_overflow_gold_and_silver,
          lemuel_coloured_pillars_altar, overflow_temple_1_default,
          temple_pool_b, kennysheep_another_room, uniq_pikel
D:8:      layout_basic, serial_shops, nicolae_shop_waterfront
D:9:      layout_long_grid, david_orc_5, uniq_erica, uniq_harold
Temple:   hellmonk_temple_flake

Skill      XL: |  1  2  3  4  5  6  7  8  9 10 |
---------------+-------------------------------+-----
Earth Magic    | 4 5 6 7 8 9 10 | 10.2
Fighting       | 1 2 3 4 5 6 |  6.1
Conjurations   | 2 3 5 6 7 |  7.4
Spellcasting   | 3 4 5 |  5.3
Shields        | 1 3 4 5 |  5.0
Armour         | 2 3 |  3.0
Throwing       | 1 |  1.9
Dodging        | |  1.5
Stealth        | |  2.1

Action                     |  1- 3 |  4- 6 |  7- 9 | 10-12 || total
---------------------------+-------+-------+-------+-------++-------
  Melee: Whip              |       |       |    21 |    22 ||    43
  Throw: Boomerang         |     5 |     5 |    34 |       ||    44
         Dart              |       |       |     1 |       ||     1
   Cast: Sandblast         |    60 |    56 |   158 |    16 ||   290
         Stone Arrow       |       |       |    10 |     5 ||    15
         Brom's Barrelling |       |       |     2 |     1 ||     3
  Evoke: Wand              |       |       |     1 |       ||     1
    Use: Scroll            |       |       |       |    16 ||    16
         Potion            |       |       |       |     1 ||     1
 Armour: Robe              |     6 |    34 |    31 |       ||    71
         Leather armour    |       |       |    48 |    38 ||    86
  Dodge: Dodged            |     9 |    19 |    42 |    52 ||   122
  Block: Buckler           |       |       |    20 |    18 ||    38
